[Event "3rd Gujarat GM Open 2022"]
[Site "Ahmedabad"]
[Date "2022.04.03"]
[Round "5.13"]
[White "Deodhar, Vrushali Umesh"]
[Black "Sidhant, Mohapatra"]
[Result "1/2-1/2"]
[ECO "A22"]
[WhiteElo "1974"]
[BlackElo "2359"]
[Annotator "ChessBase"]
[PlyCount "85"]
[EventDate "2022.03.31"]
[EventType "swiss"]
[EventCountry "IND"]
[SourceTitle "playchess.com"]
[Source "ChessBase"]
[SourceQuality "1"]
[TimeControl "5400+30"]

1. c4 e5 2. Nc3 Nf6 3. g3 Bb4 4. Nd5 Nxd5 5. cxd5 O-O 6. Bg2 d6 7. Nf3 Ba5 8. O-O c6 9. dxc6 Nxc6 10. d3 Bb6 11. b3 h6 12. Bb2 a5 13. Rc1 Re8 14. Nd2 d5 15. e4 Be6 16. Nb1 dxe4 17. dxe4 Nb4 18. Nc3 Bd4 19. Ba1 Bxc3 20. Rxc3 Qxd1 21. Rxd1 Nxa2 22. Rc7 Bxb3 23. Rb1 a4 24. Rxb7 Rac8 25. Bf1 Nc3 26. Bxc3 Rxc3 27. Ra7 Rec8 28. Kg2 Rc1 29. Rxc1 Rxc1 30. Bb5 Ra1 31. Bc6 g5 32. Bd5 Bxd5 33. exd5 Kg7 34. Kf3 a3 35. Ke4 a2 36. Kf5 e4 37. Ke5 Kf8 38. Ra8+ Ke7 39. d6+ Kd7 40. Ra7+ Kd8 41. Ra8+ Kd7 42. Ra7+ Kd8 43. Kxe4 1/2-1/2

[Event "3rd Gujarat GM Open 2022"]
[Site "Ahmedabad"]
[Date "2022.04.03"]
[Round "5.14"]
[White "Ritviz, Parab"]
[Black "Vrashank Chouhan"]
[Result "1-0"]
[ECO "A08"]
[WhiteElo "2349"]
[BlackElo "1790"]
[Annotator "ChessBase"]
[PlyCount "84"]
[EventDate "2022.03.31"]
[EventType "swiss"]
[EventCountry "IND"]
[SourceTitle "playchess.com"]
[Source "ChessBase"]
[SourceQuality "1"]
[TimeControl "5400+30"]

1. g3 d5 2. Nf3 c5 3. Bg2 Nc6 4. d3 e5 5. O-O Be7 6. e4 d4 7. Nbd2 g5 8. Nc4 f6 9. a4 Be6 10. c3 h5 11. cxd4 Nxd4 12. Nxd4 Qxd4 13. Ne3 Qd7 14. Nd5 h4 15. Qb3 Bd6 16. Qb5 Rc8 17. Qxd7+ Kxd7 18. Be3 Bxd5 19. exd5 Ne7 20. a5 h3 21. Bf3 Rhg8 22. Ra4 f5 23. g4 f4 24. Bd2 b5 25. axb6 axb6 26. Ra7+ Rc7 27. Ra6 b5 28. Rfa1 Nc8 29. Be4 Rf8 30. R1a5 b4 31. b3 Rb7 32. Bc1 Nb6 33. Bb2 Kc7 34. Kf1 Re8 35. Ke2 Rf8 36. Kf3 Re8 37. Bg6 Rd8 38. Bf7 Kd7 39. Ke4 Ke7 40. Be6 Kf6 41. Rb5 Rdb8 42. Ba1 Ra8 1-0

[Event "3rd Gujarat GM Open 2022"]
[Site "Ahmedabad"]
[Date "2022.04.03"]
[Round "5.17"]
[White "Bhattacharyya Soham"]
[Black "Venkatesh, M.R."]
[Result "0-1"]
[ECO "E05"]
[WhiteElo "2004"]
[BlackElo "2493"]
[Annotator "ChessBase"]
[PlyCount "60"]
[EventDate "2022.03.31"]
[EventType "swiss"]
[EventCountry "IND"]
[SourceTitle "playchess.com"]
[Source "ChessBase"]
[SourceQuality "1"]
[TimeControl "5400+30"]

1. d4 Nf6 2. c4 e6 3. g3 d5 4. Nf3 Be7 5. Bg2 O-O 6. O-O dxc4 7. Qc2 a6 8. Qxc4 b5 9. Qc2 Bb7 10. Bd2 Be4 11. Qc1 Nbd7 12. Ba5 Rc8 13. Nbd2 Ba8 14. Qc2 Nb8 15. a3 Nc6 16. Bc3 a5 17. Nb3 a4 18. Nbd2 Nb8 19. b4 axb3 20. Nxb3 Na6 21. Rfd1 Qe8 22. Qb2 Ne4 23. Ne5 Nxc3 24. Qxc3 Bxg2 25. Kxg2 c5 26. dxc5 Nxc5 27. Nxc5 Rxc5 28. Qe3 Qa8+ 29. Nf3 Rfc8 30. Rd3 Bg5 0-1

[Event "3rd Gujarat GM Open 2022"]
[Site "Ahmedabad"]
[Date "2022.04.03"]
[Round "6.1"]
[White "Neelotpal, Das"]
[Black "Nitin, S.."]
[Result "1/2-1/2"]
[ECO "A49"]
[WhiteElo "2409"]
[BlackElo "2427"]
[Annotator "NA RC"]
[PlyCount "60"]
[EventDate "2022.03.31"]
[EventType "swiss"]
[EventCountry "IND"]
[SourceTitle "playchess.com"]
[Source "ChessBase"]
[SourceQuality "1"]
[TimeControl "5400+30"]

1. d4 Nf6 2. Nf3 g6 3. b3 Bg7 4. Bb2 O-O 5. g3 d6 6. Bg2 a5 7. c4 a4 8. O-O c6 9. Nbd2 axb3 10. axb3 Rxa1 11. Qxa1 Na6 12. e4 Bg4 13. d5 Bxf3 14. Nxf3 Nc5 15. Nd2 Qb6 16. Bd4 Nh5 17. Bxg7 Nxg7 18. Qc3 Ra8 19. b4 Na4 20. Qa3 c5 21. Rb1 Qd8 22. bxc5 Nxc5 23. Qc3 e5 $11 24. dxe6 Ngxe6 25. Nf1 Qa5 26. Qxa5 Rxa5 27. Ne3 Nc7 28. h4 h5 29. Rd1 Ra6 30. Bf3 Kf8 1/2-1/2

[Event "3rd Gujarat GM Open 2022"]
[Site "Ahmedabad"]
[Date "2022.04.03"]
[Round "6.3"]
[White "Savchenko, Boris"]
[Black "Hesham, Abdelrahman"]
[Result "0-1"]
[ECO "E20"]
[WhiteElo "2535"]
[BlackElo "2425"]
[Annotator "RC"]
[PlyCount "104"]
[EventDate "2022.03.31"]
[EventType "swiss"]
[EventCountry "IND"]
[SourceTitle "playchess.com"]
[Source "ChessBase"]
[SourceQuality "1"]
[TimeControl "5400+30"]

1. d4 Nf6 2. Nf3 e6 3. c4 d5 4. Nc3 Bb4 5. g3 c5 6. cxd5 Qxd5 7. Bg2 O-O 8. O-O Qh5 9. Nb5 a6 10. Nd6 cxd4 11. Nxc8 Rxc8 12. Nxd4 Nc6 13. Bf3 Qh3 14. Nxc6 bxc6 15. Qa4 a5 16. a3 Bd6 17. Bd2 e5 18. Bc3 e4 19. Bg2 Qe6 20. Rac1 Be5 21. b3 Bxc3 22. Rxc3 Nd5 23. Rc5 f5 24. Rfc1 Nb6 25. Qd4 Nd7 26. R5c4 Rab8 27. g4 g6 28. R1c3 Ne5 29. gxf5 gxf5 30. Rg3+ Ng6 31. h4 Rd8 32. Qc3 Rd1+ 33. Kh2 Qe7 34. Rxc6 Qxh4+ 35. Bh3 Rd7 36. Kg2 Rf8 37. Qe5 Rg7 38. Qd5+ Kh8 39. Qc5 Rfg8 40. Qd4 f4 41. Rg4 f3+ 42. Kh2 Qe7 43. exf3 Ne5 44. Rc3 Nxg4+ 45. fxg4 Rd8 46. Qe3 Rf7 47. Qe1 Qe5+ 48. Kg1 Rfd7 49. Rc1 Rd3 50. Bg2 Rg8 51. b4 a4 52. g5 Qxg5 0-1

[Event "3rd Gujarat GM Open 2022"]
[Site "Ahmedabad"]
[Date "2022.04.03"]
[Round "6.4"]
[White "Neelash Saha"]
[Black "Srihari L R"]
[Result "0-1"]
[ECO "B12"]
[WhiteElo "2445"]
[BlackElo "2400"]
[Annotator "NA RC"]
[PlyCount "132"]
[EventDate "2022.03.31"]
[EventType "swiss"]
[EventCountry "IND"]
[SourceTitle "playchess.com"]
[Source "ChessBase"]
[SourceQuality "1"]
[TimeControl "5400+30"]

1. e4 c6 2. d4 d5 3. e5 Bf5 4. Nf3 e6 5. Be2 c5 6. Be3 cxd4 7. Nxd4 Ne7 8. O-O Nbc6 9. Bb5 Qc7 10. c4 dxc4 11. Nd2 Bd3 12. Nxc4 Bxc4 13. Bxc4 Nxd4 14. Qxd4 Nc6 15. Bb5 Be7 16. Rfd1 O-O 17. Qd7 Rfc8 18. Rac1 Bf8 19. Bxc6 bxc6 20. Qxc7 Rxc7 21. Rc4 a5 22. b3 h6 23. f4 Be7 24. Kf1 Ra6 25. Ke2 Kf8 26. Kf3 Ke8 27. g4 Rb7 28. Rdc1 Kd7 29. R1c2 Rb5 30. Ke4 a4 31. Rd2+ Kc7 32. bxa4 Rb4 33. Rxb4 Bxb4 34. Rd4 c5 35. Rc4 Kc6 36. f5 g6 37. fxe6 fxe6 38. Bc1 g5 39. a3 Ba5 40. Be3 Bb6 41. Bd2 Ba5 42. Be3 Bb6 43. Bf2 Ra8 44. Be1 Ba5 45. Bg3 Bc7 46. Bf2 Bb6 47. h4 gxh4 48. Bxh4 Rg8 49. Kd3 Kd5 50. Bf6 Rb8 51. Be7 Rb7 52. Bd6 Rf7 53. Rc3 c4+ 54. Ke2 Rf2+ 55. Kd1 Bd4 56. Rc2 Rf1+ 57. Ke2 Rf7 58. Bb4 Bxe5 59. Bd2 Rf6 60. a5 Bd4 61. Rc1 Rf2+ 62. Kd1 Rh2 63. a6 e5 64. Bc3 Ra2 65. Ra1 Rxa1+ 66. Bxa1 Kc6 0-1

[Event "3rd Gujarat GM Open 2022"]
[Site "Ahmedabad"]
[Date "2022.04.03"]
[Round "6.5"]
[White "Nigmatov, Ortik"]
[Black "Del Rey, Diego"]
[Result "1-0"]
[ECO "C43"]
[WhiteElo "2445"]
[BlackElo "2370"]
[Annotator "NA RC"]
[PlyCount "63"]
[EventDate "2022.03.31"]
[EventType "swiss"]
[EventCountry "IND"]
[SourceTitle "playchess.com"]
[Source "ChessBase"]
[SourceQuality "1"]
[TimeControl "5400+30"]

1. e4 e5 2. Nf3 Nf6 3. d4 Nxe4 4. Nxe5 d5 5. Bd3 Nd7 6. Nc3 Nxc3 7. bxc3 Nxe5 8. dxe5 Bc5 9. O-O Be6 10. Rb1 Bb6 11. Kh1 Qd7 12. f4 Bg4 13. Qe1 O-O-O 14. a4 f6 15. Be3 fxe5 16. a5 Bxe3 17. Qxe3 d4 18. Qxe5 Qd5 19. Qxg7 h5 20. cxd4 Qxd4 21. Qxd4 Rxd4 22. f5 h4 23. h3 Bh5 24. f6 Bf7 25. Rbe1 Kd8 26. a6 b6 27. Re7 Rf8 28. Bb5 Rd6 29. Rf3 Bg6 30. Rc3 c5 31. Rxa7 Rfxf6 32. Re3 1-0

[Event "3rd Gujarat GM Open 2022"]
[Site "Ahmedabad"]
[Date "2022.04.03"]
[Round "6.6"]
[White "Abdisalimov, Abdimalik"]
[Black "Ritviz, Parab"]
[Result "1/2-1/2"]
[ECO "D07"]
[WhiteElo "2435"]
[BlackElo "2349"]
[Annotator "NA RC"]
[PlyCount "120"]
[EventDate "2022.03.31"]
[EventType "swiss"]
[EventCountry "IND"]
[SourceTitle "playchess.com"]
[Source "ChessBase"]
[SourceQuality "1"]
[TimeControl "5400+30"]

1. d4 d5 2. c4 Nc6 3. Nf3 Bg4 4. e3 e6 5. Nbd2 Nf6 6. Be2 Bb4 7. O-O O-O 8. a3 Bxd2 9. Bxd2 dxc4 10. Rc1 Ne4 11. Rxc4 Bxf3 12. gxf3 Nxd2 13. Qxd2 e5 14. d5 Ne7 15. Rd1 Qd6 16. Qb4 Qxb4 17. Rxb4 Rab8 18. Re4 c6 19. dxc6 Nxc6 20. Bb5 f6 21. Rc4 Rfd8 22. Rxd8+ Nxd8 23. Rc7 Kf8 24. Bc4 b5 25. Bd5 a6 26. b4 Rb6 27. Rd7 Ne6 28. Kf1 h5 29. Ke2 g6 30. Ra7 f5 31. Rb7 Rxb7 32. Bxb7 Nc7 33. f4 exf4 34. exf4 Ke7 35. Kf3 Ke6 36. Kg3 Kf6 37. Bc8 Ke7 38. Kh4 Kf6 39. h3 Kf7 40. Kg5 Kg7 41. f3 Kf7 42. Kh6 Kf6 43. h4 Kf7 44. Kh7 Kf6 45. Kg8 Nd5 46. Bxa6 Nxf4 47. Bxb5 g5 48. hxg5+ Kxg5 49. Bf1 Nd5 50. Kf7 Kf4 51. Ke6 Nb6 52. b5 Kxf3 53. Kxf5 Kf2 54. Bd3 Ke3 55. Bc2 Kd2 56. Bb3 Kc3 57. Bd1 Kc4 58. a4 Kc5 59. Kg5 Nd5 60. Kxh5 Nc3 1/2-1/2

[Event "3rd Gujarat GM Open 2022"]
[Site "Ahmedabad"]
[Date "2022.04.03"]
[Round "6.7"]
[White "Manish Anto Cristiano F"]
[Black "Stany, G.A."]
[Result "0-1"]
[ECO "D98"]
[WhiteElo "2236"]
[BlackElo "2517"]
[Annotator "RC"]
[PlyCount "74"]
[EventDate "2022.03.31"]
[EventType "swiss"]
[EventCountry "IND"]
[SourceTitle "playchess.com"]
[Source "ChessBase"]
[SourceQuality "1"]
[TimeControl "5400+30"]

1. d4 Nf6 2. c4 g6 3. Nc3 d5 4. Nf3 Bg7 5. Qb3 dxc4 6. Qxc4 O-O 7. e4 Nc6 8. Be2 Nd7 9. Be3 Nb6 10. Qd3 Bg4 11. Rd1 Bxf3 12. Bxf3 e5 13. d5 Nd4 14. Bxd4 exd4 15. Ne2 c5 16. dxc6 bxc6 17. e5 Bxe5 18. Nxd4 Bxd4 19. Qxd4 Re8+ 20. Kf1 Qe7 21. Qd6 Qh4 22. g3 Qh3+ 23. Bg2 Qh5 24. Qd3 Nc4 25. Bf3 Qh3+ 26. Bg2 Qe6 27. Qc2 Rad8 28. Bf3 Qh3+ 29. Kg1 Rd2 30. Qc1 Qf5 31. Rxd2 Nxd2 32. Qxd2 Qxf3 33. Qc3 Qd5 34. h4 Re2 35. Rh2 h5 36. Rg2 Qd1+ 37. Kh2 Re1 0-1

[Event "3rd Gujarat GM Open 2022"]
[Site "Ahmedabad"]
[Date "2022.04.03"]
[Round "6.8"]
[White "Harsha Bharathakoti"]
[Black "Deshmukh, Anup"]
[Result "1-0"]
[ECO "B90"]
[WhiteElo "2499"]
[BlackElo "2190"]
[Annotator "RC"]
[PlyCount "71"]
[EventDate "2022.03.31"]
[EventType "swiss"]
[EventCountry "IND"]
[SourceTitle "playchess.com"]
[Source "ChessBase"]
[SourceQuality "1"]
[TimeControl "5400+30"]

1. e4 c5 2. Nf3 d6 3. d4 cxd4 4. Nxd4 Nf6 5. Nc3 a6 6. Nb3 g6 7. Be3 Bg7 8. Be2 O-O 9. g4 Nc6 10. g5 Nd7 11. h4 b5 12. Qd2 Bb7 13. O-O-O Rc8 14. Kb1 b4 15. Nd5 a5 16. h5 e6 17. hxg6 hxg6 18. Nf4 a4 19. Nc1 a3 20. Qxd6 axb2 21. Nb3 Nde5 22. Qxd8 Rfxd8 23. Bb6 Rxd1+ 24. Rxd1 Nb8 25. f3 Ba6 26. Nd2 Bxe2 27. Nxe2 Nbc6 28. f4 Nd7 29. Be3 Na5 30. e5 Nc5 31. Bxc5 Rxc5 32. Ne4 Rd5 33. Rxd5 exd5 34. Nd6 Nc6 35. Ne8 Bf8 36. Nf6+ 1-0

[Event "3rd Gujarat GM Open 2022"]
[Site "Ahmedabad"]
[Date "2022.04.03"]
[Round "6.9"]
[White "Venkatesh, M.R."]
[Black "De Silva, L M S T"]
[Result "1/2-1/2"]
[ECO "C84"]
[WhiteElo "2493"]
[BlackElo "2220"]
[Annotator "RC"]
[PlyCount "95"]
[EventDate "2022.03.31"]
[EventType "swiss"]
[EventCountry "IND"]
[SourceTitle "playchess.com"]
[Source "ChessBase"]
[SourceQuality "1"]
[TimeControl "5400+30"]

1. e4 e5 2. Nf3 Nc6 3. Bb5 a6 4. Ba4 Nf6 5. d3 b5 6. Bb3 Be7 7. O-O Bb7 8. Nc3 O-O 9. Bd2 d6 10. Ne2 Bc8 11. Ng3 Be6 12. Re1 Qd7 13. c3 h6 14. d4 Bg4 15. d5 Na5 16. h3 Bxf3 17. Qxf3 Nxb3 18. axb3 Nh7 19. Nf5 Bg5 20. h4 Bf6 21. Ra5 Kh8 22. h5 Bg5 23. Be3 g6 24. Ng3 Kg7 25. Rea1 Qc8 26. Qe2 Nf6 27. c4 bxc4 28. bxc4 Bf4 29. Bxf4 exf4 30. Nf1 Nxh5 31. c5 Re8 32. Qd3 Qg4 33. Nd2 Nf6 34. f3 Qh4 35. Qd4 Kh7 36. cxd6 Nh5 37. Nf1 cxd6 38. Rxa6 Rxa6 39. Rxa6 Ng3 40. Nxg3 fxg3 41. Kf1 Rc8 42. Rc6 Ra8 43. Rc1 Rb8 44. Rc7 Qh1+ 45. Qg1 Qxg1+ 46. Kxg1 Rxb2 47. Kf1 Rf2+ 48. Kg1 1/2-1/2

[Event "3rd Gujarat GM Open 2022"]
[Site "Ahmedabad"]
[Date "2022.04.03"]
[Round "6.10"]
[White "Fawzy, Adham"]
[Black "Jain Kashish Manoj"]
[Result "1-0"]
[ECO "B62"]
[WhiteElo "2476"]
[BlackElo "2162"]
[Annotator "ChessBase"]
[PlyCount "49"]
[EventDate "2022.03.31"]
[EventType "swiss"]
[EventCountry "IND"]
[SourceTitle "playchess.com"]
[Source "ChessBase"]
[SourceQuality "1"]
[TimeControl "5400+30"]

1. e4 c5 2. Nf3 d6 3. d4 cxd4 4. Nxd4 Nf6 5. Nc3 Nc6 6. Bg5 e6 7. Qd3 a6 8. Nxc6 bxc6 9. O-O-O Be7 10. Qg3 Qa5 11. h4 Rb8 12. Bc4 e5 13. Bb3 Be6 14. Bxf6 gxf6 15. Qg7 Rf8 16. Qxh7 Qc5 17. Rd2 Kd7 18. Na4 Qa7 19. Bxe6+ fxe6 20. Rxd6+ Kxd6 21. Rd1+ Qd4 22. Qh5 Kd7 23. Rxd4+ exd4 24. Nc5+ Kd6 25. Nd3 1-0

[Event "3rd Gujarat GM Open 2022"]
[Site "Ahmedabad"]
[Date "2022.04.03"]
[Round "6.11"]
[White "Daakshin Arun"]
[Black "Chanda, Sandipan"]
[Result "1-0"]
[ECO "A87"]
[WhiteElo "2173"]
[BlackElo "2485"]
[Annotator "RC"]
[PlyCount "143"]
[EventDate "2022.03.31"]
[EventType "swiss"]
[EventCountry "IND"]
[SourceTitle "playchess.com"]
[Source "ChessBase"]
[SourceQuality "1"]
[TimeControl "5400+30"]

1. d4 f5 2. c4 Nf6 3. Nc3 e6 4. g3 g6 5. Bg2 Bg7 6. Nf3 O-O 7. O-O d5 8. Bf4 c6 9. Qc1 Ne4 10. Be5 Bxe5 11. Nxe5 Nd7 12. Nxe4 Nxe5 13. Nd2 Nf7 14. Nf3 b6 15. b3 Qe7 16. cxd5 cxd5 17. Qd2 a5 18. a4 Ba6 19. Rfb1 Rac8 20. b4 Nd6 21. Ne5 Qc7 22. b5 Bb7 23. Rc1 Nc4 24. Qa2 f4 25. Nxc4 fxg3 26. hxg3 Qf7 27. e3 dxc4 28. Bxb7 Qxb7 29. Rxc4 Rxc4 30. Qxc4 Qe4 31. Rc1 h5 32. d5 Qf3 33. Qc2 exd5 34. Qxg6+ Kh8 35. Qh6+ Kg8 36. Qg6+ Kh8 37. Rc2 Qd1+ 38. Kg2 Qf3+ 39. Kh2 Qd1 40. f4 Qg4 41. Qxg4 hxg4 42. Rc6 Re8 43. Rxb6 Rxe3 44. Rd6 Re2+ 45. Kg1 Rb2 46. Rxd5 Kg7 47. b6 Rxb6 48. Rxa5 Rb1+ 49. Kf2 Rb2+ 50. Kf1 Rb1+ 51. Ke2 Rb2+ 52. Kd1 Ra2 53. Rg5+ Kf6 54. Rxg4 Rxa4 55. Ke2 Ra2+ 56. Kf3 Ra3+ 57. Kg2 Ra2+ 58. Kh3 Kf5 59. Rg5+ Ke4 60. Kg4 Ke3 61. f5 Ke4 62. Kh5 Ke5 63. g4 Ra8 64. Rg6 Kf4 65. Kh6 Rb8 66. f6 Rb7 67. Rg7 Rb6 68. Kg6 Kxg4 69. Re7 Kf4 70. Re1 Ra6 71. Kg7 Kg5 72. Rg1+ 1-0

[Event "3rd Gujarat GM Open 2022"]
[Site "Ahmedabad"]
[Date "2022.04.03"]
[Round "6.12"]
[White "Singh Ojasva"]
[Black "Mirzoev, Azer"]
[Result "0-1"]
[ECO "C75"]
[WhiteElo "2141"]
[BlackElo "2468"]
[Annotator "RC"]
[PlyCount "81"]
[EventDate "2022.03.31"]
[EventType "swiss"]
[EventCountry "IND"]
[SourceTitle "playchess.com"]
[Source "ChessBase"]
[SourceQuality "1"]
[TimeControl "5400+30"]

1. e4 e5 2. Nf3 Nc6 3. Bb5 a6 4. Ba4 Nge7 5. c3 d6 6. d4 Bd7 7. O-O Ng6 8. Re1 Be7 9. Nbd2 O-O 10. Nf1 Nh4 11. Nxh4 Bxh4 12. Ng3 Bg5 13. dxe5 Bxc1 14. Rxc1 Nxe5 15. Bxd7 Nxd7 16. f4 Re8 17. Qf3 Qf6 18. Rcd1 Rad8 19. Qg4 Qg6 20. Qxg6 hxg6 21. Kf2 Nc5 22. Kf3 Kf8 23. Re2 b5 24. h4 a5 25. h5 gxh5 26. Nxh5 b4 27. c4 Nd7 28. Red2 g6 29. Ng3 Nc5 30. e5 Nb7 31. exd6 Nxd6 32. b3 Ra8 33. c5 Nb5 34. Rd7 Ra6 35. Ne4 Rae6 36. Ng5 Re3+ 37. Kg4 R8e7 38. Rd8+ Kg7 39. Ra8 f6 40. Nf3 Re2 41. Rxa5 0-1

[Event "3rd Gujarat GM Open 2022"]
[Site "Ahmedabad"]
[Date "2022.04.03"]
[Round "6.13"]
[White "Kavinda, Akila"]
[Black "Krishna C R G"]
[Result "0-1"]
[ECO "A54"]
[WhiteElo "2068"]
[BlackElo "2466"]
[Annotator "RC"]
[PlyCount "80"]
[EventDate "2022.03.31"]
[EventType "swiss"]
[EventCountry "IND"]
[SourceTitle "playchess.com"]
[Source "ChessBase"]
[SourceQuality "1"]
[TimeControl "5400+30"]

1. Nf3 Nf6 2. g3 d6 3. d4 Nbd7 4. Bg2 e5 5. c4 Be7 6. Nc3 O-O 7. O-O c6 8. b3 e4 9. Ne1 d5 10. Nc2 Re8 11. Ne3 Nf8 12. Bb2 h5 13. Rc1 a6 14. cxd5 cxd5 15. b4 h4 16. Qb3 Be6 17. b5 hxg3 18. fxg3 N8d7 19. Nf5 Bf8 20. Ba3 Bxa3 21. Qxa3 axb5 22. Qb4 Nb6 23. Nd6 Re7 24. Ncxb5 Rd7 25. a3 Ra4 26. Qc5 Nc4 27. Nxc4 dxc4 28. Nc3 Ra5 29. Qb4 Rxd4 30. Rcd1 Rxd1 31. Rxd1 Qc7 32. Nxe4 Nd5 33. Qb1 Ne3 34. Rc1 Nxg2 35. Kxg2 Bf5 36. Rf1 Qc6 37. Rf4 Re5 38. Kf2 Bxe4 39. Qd1 Rd5 40. Qc1 Rf5 0-1

[Event "3rd Gujarat GM Open 2022"]
[Site "Ahmedabad"]
[Date "2022.04.03"]
[Round "6.14"]
[White "Vignesh N R"]
[Black "Santu, Mondal"]
[Result "1-0"]
[ECO "C05"]
[WhiteElo "2444"]
[BlackElo "2063"]
[Annotator "NA RC"]
[PlyCount "55"]
[EventDate "2022.03.31"]
[EventType "swiss"]
[EventCountry "IND"]
[SourceTitle "playchess.com"]
[Source "ChessBase"]
[SourceQuality "1"]
[TimeControl "5400+30"]

1. e4 e6 2. d4 d5 3. Nd2 Nf6 4. e5 Nfd7 5. Bd3 c5 6. c3 Nc6 7. Ngf3 f5 8. exf6 Nxf6 9. O-O cxd4 10. cxd4 Bd6 11. Re1 O-O 12. a3 Qb6 13. Nb3 a5 14. Be3 a4 15. Nc5 Nxd4 16. Nxa4 Nxf3+ 17. Qxf3 Qd8 18. Nb6 Rb8 19. Qh3 e5 20. Nxc8 Rxc8 21. Bf5 Rc4 22. Rad1 Qe7 23. Rxd5 Re8 24. Bg5 h6 25. Bxf6 Qxf6 26. Qb3 b5 27. Rxb5 Qf7 28. Bg6 1-0

[Event "3rd Gujarat GM Open 2022"]
[Site "Ahmedabad"]
[Date "2022.04.03"]
[Round "6.15"]
[White "Sahu, Sekhar Chandra"]
[Black "Gusain, Himal"]
[Result "0-1"]
[ECO "A00"]
[WhiteElo "2049"]
[BlackElo "2408"]
[Annotator "RC"]
[PlyCount "58"]
[EventDate "2022.03.31"]
[EventType "swiss"]
[EventCountry "IND"]
[SourceTitle "playchess.com"]
[Source "ChessBase"]
[SourceQuality "1"]
[TimeControl "5400+30"]

1. g3 e5 2. Bg2 d5 3. c4 d4 4. Nf3 e4 5. Ng1 f5 6. d3 Nf6 7. Bg5 Nc6 8. dxe4 fxe4 9. Bxe4 Bb4+ 10. Kf1 O-O 11. Bf3 Ne5 12. Qb3 c5 13. a3 Ba5 14. Nd2 Be6 15. Rc1 Rb8 16. Bf4 Bxd2 17. Bxd2 b5 18. Kg2 bxc4 19. Qc2 Rb3 20. Bf4 Nxf3 21. exf3 Qb6 22. Nh3 Rxb2 23. Qd1 Bd5 24. Re1 Qc6 25. Re7 Rb3 26. Ng5 h6 27. Ne4 Nxe4 28. fxe4 Bxe4+ 29. Kg1 Rxf4 0-1

[Event "3rd Gujarat GM Open 2022"]
[Site "Ahmedabad"]
[Date "2022.04.03"]
[Round "6.16"]
[White "Kumar, Gaurav"]
[Black "Shahil Dey"]
[Result "1/2-1/2"]
[ECO "B42"]
[WhiteElo "2025"]
[BlackElo "2400"]
[Annotator "NA RC"]
[PlyCount "81"]
[EventDate "2022.03.31"]
[EventType "swiss"]
[EventCountry "IND"]
[SourceTitle "playchess.com"]
[Source "ChessBase"]
[SourceQuality "1"]
[TimeControl "5400+30"]

1. e4 c5 2. Nf3 e6 3. d4 cxd4 4. Nxd4 a6 5. Bd3 Nf6 6. O-O d6 7. Qe2 g6 8. c4 Bg7 9. Kh1 O-O 10. f4 e5 11. Nc2 Nc6 12. Nc3 exf4 13. Bxf4 Nh5 14. Qe3 Nxf4 15. Qxf4 Bxc3 16. bxc3 Ne5 17. Be2 Be6 18. Ne3 Rc8 19. Rad1 Rc6 20. h4 Qa5 21. Nf5 Bxf5 22. exf5 Qxc3 23. h5 f6 24. fxg6 hxg6 25. Qh6 Qg3 26. hxg6 Qxg6 27. Qxg6+ Nxg6 28. Bf3 Rb6 29. Rb1 Rxb1 30. Rxb1 Rb8 31. Rb6 Ne5 32. Bd5+ Kg7 33. a4 Nd7 34. Rxd6 Nc5 35. a5 Kg6 36. Rb6 Rh8+ 37. Kg1 Rh7 38. Kf2 Re7 39. Kf3 Kf5 40. Rb1 Kg5 41. Rb6 1/2-1/2

[Event "3rd Gujarat GM Open 2022"]
[Site "Ahmedabad"]
[Date "2022.04.03"]
[Round "6.17"]
[White "Rajesh, V A V"]
[Black "Deodhar, Vrushali Umesh"]
[Result "1-0"]
[ECO "A01"]
[WhiteElo "2376"]
[BlackElo "1974"]
[Annotator "ChessBase"]
[PlyCount "73"]
[EventDate "2022.03.31"]
[EventType "swiss"]
[EventCountry "IND"]
[SourceTitle "playchess.com"]
[Source "ChessBase"]
[SourceQuality "1"]
[TimeControl "5400+30"]

1. b3 e5 2. Bb2 Nc6 3. e3 Nf6 4. Bb5 Bd6 5. Na3 a6 6. Be2 b5 7. c4 b4 8. Nc2 e4 9. d4 exd3 10. Bxd3 Bb7 11. Nf3 O-O 12. O-O Re8 13. Ncd4 Ne5 14. Be2 Ne4 15. Nf5 Nxf3+ 16. Bxf3 Be5 17. Bxe5 Rxe5 18. Qd4 d6 19. Bxe4 Bxe4 20. Ng3 Bc6 21. f4 Re8 22. e4 Qh4 23. Rae1 Re6 24. Nf5 Qf6 25. Qxf6 gxf6 26. Nd4 Bd7 27. Nxe6 fxe6 28. e5 Kf7 29. exd6 cxd6 30. Rd1 Ke7 31. Rd4 Bc6 32. Rfd1 d5 33. cxd5 Bxd5 34. Rxb4 Rc8 35. Rd2 f5 36. Rb6 a5 37. Ra6 1-0

[Event "3rd Gujarat GM Open 2022"]
[Site "Ahmedabad"]
[Date "2022.04.03"]
[Round "6.18"]
[White "Sidhant, Mohapatra"]
[Black "Bhosale Shriraj"]
[Result "1/2-1/2"]
[ECO "D11"]
[WhiteElo "2359"]
[BlackElo "1959"]
[Annotator "COMBH"]
[PlyCount "74"]
[EventDate "2022.03.31"]
[EventType "swiss"]
[EventCountry "IND"]
[SourceTitle "playchess.com"]
[Source "ChessBase"]
[SourceQuality "1"]
[TimeControl "5400+30"]

1. d4 Nf6 2. g3 d5 3. c4 c6 4. Bg2 Bf5 5. Nf3 e6 6. Nc3 Nbd7 7. Nh4 Bg4 8. h3 Bh5 9. Qb3 Qb6 10. g4 Bg6 11. Nxg6 hxg6 12. g5 Ng8 13. Qxb6 axb6 14. cxd5 exd5 15. e4 dxe4 16. Nxe4 f5 17. Nc3 Bd6 18. d5 Ne7 19. dxc6 bxc6 20. Be3 Bc5 21. Bxc5 Nxc5 22. O-O-O Rd8 23. Rxd8+ Kxd8 24. Rd1+ Kc7 25. Ne2 Ne6 26. f4 Rh4 27. Rf1 Kd6 28. Kd2 Nd5 29. Bxd5 cxd5 30. Rf3 d4 31. a4 Kc5 32. Rd3 Rh8 33. Rb3 Rh4 34. Rd3 Rh8 35. Rb3 Rh4 36. Rd3 Kc4 37. b3+ Kd5 1/2-1/2

[Event "3rd Gujarat GM Open 2022"]
[Site "Ahmedabad"]
[Date "2022.04.04"]
[Round "7.2"]
[White "Hesham, Abdelrahman"]
[Black "Neelotpal, Das"]
[Result "0-1"]
[ECO "D12"]
[WhiteElo "2425"]
[BlackElo "2409"]
[Annotator "ChessBase"]
[PlyCount "166"]
[EventDate "2022.03.31"]
[EventType "swiss"]
[EventCountry "IND"]
[SourceTitle "playchess.com"]
[Source "ChessBase"]
[SourceQuality "1"]
[TimeControl "5400+30"]

1. d4 d5 2. c4 c6 3. Nf3 Nf6 4. e3 Bf5 5. Nc3 e6 6. Nh4 Be4 7. f3 Bg6 8. Qb3 Qb6 9. Nxg6 hxg6 10. Bd3 Nbd7 11. Bd2 Qc7 12. O-O-O dxc4 13. Bxc4 Be7 14. Kb1 b5 15. Bd3 a6 16. Ne4 Nxe4 17. Bxe4 Rc8 18. Rc1 c5 19. Qa3 f5 20. Bd3 Kf7 21. dxc5 Nxc5 22. b4 Qd7 23. bxc5 Rhd8 24. Ba5 Qxd3+ 25. Qxd3 Rxd3 26. c6 Ba3 27. Rc2 Ke7 28. e4 Bd6 29. c7 Ra3 30. Bb6 Ra4 31. exf5 Rb4+ 32. Rb2 Rxb2+ 33. Kxb2 gxf5 34. h4 Bxc7 35. Bxc7 Rxc7 36. h5 Kf6 37. h6 gxh6 38. Rxh6+ Ke5 39. Rg6 Rc6 40. g3 Kd4 41. f4 Ke4 42. Kb3 a5 43. Rg8 Kf3 44. Rg6 Ke4 45. Rg8 Rd6 46. Kc2 Kd4 47. Rg6 Kc4 48. g4 Rd4 49. Rxe6 fxg4 50. f5 Rf4 51. Rg6 Rf2+ 52. Kd1 Kd3 53. Kc1 Kc3 54. Rc6+ Kb4 55. Rg6 Ka3 56. Rxg4 Rf1+ 57. Kc2 Rxf5 58. Kb1 Rf1+ 59. Kc2 Kxa2 60. Rg5 Rb1 61. Rg8 Rb2+ 62. Kc1 Rb4 63. Rg2+ Ka3 64. Rg3+ Ka4 65. Kc2 Rh4 66. Rg2 Kb4 67. Kb2 a4 68. Rf2 a3+ 69. Ka2 Ka4 70. Rf8 Rh2+ 71. Ka1 b4 72. Rf4 Rc2 73. Kb1 Rc6 74. Ka2 Rh6 75. Rg4 Rh2+ 76. Kb1 Rd2 77. Rh4 Kb3 78. Rh3+ Kc4 79. Rh4+ Rd4 80. Rh3 b3 81. Rh1 Kc3 82. Rc1+ Kd2 83. Rh1 Re4 0-1